Map: Ruines d’Endion

Players

Toochka - Winner!

  • Race: Zerg Zerg
  • League: Gold
  • Spawn Location: 5:00

zidar

  • Race: Zerg Zerg
  • League: Gold
  • Spawn Location: 7:00

VOD

Have the link to the VOD?

Description

Time

  • Played on: June 12, 2016, 1:19 p.m.
  • Length: 12:16
Show
View Real Time Build Order
Export as new Build Order

Toochka Zerg - Winner!

Build Orders: Pool First 

Get SALT Encoding   

  12  0:02  Drone  
  13  0:10  Drone  
  14  0:18  Overlord  
  14  0:37  Spawning Pool  
  14  0:38  Extractor  
  14  0:41  Drone  
  13  0:46  Drone  
  14  0:54  Drone  
  14  0:55  Drone  
  16  1:29  Drone x2  
  16  1:32  Hatchery  
  17  1:33  Drone  
  18  1:43  Metabolic Boost  
  18  1:52  Queen  
  20  1:58  Overlord  
  20  2:06  Zergling x4  
  22  2:17  Zergling x2  
  23  2:45  Queen  
  23  2:47  Zergling x8  
  29  2:55  Zergling x2  
  30  3:02  Zergling x2  
  31  3:06  Zergling x2  
  32  3:13  Zergling x2  
  32  3:18  Zergling x2  
  32  3:19  Zergling x2  
  35  3:27  Zergling x2  
  33  3:44  Zergling x2  
  33  3:45  Zergling x8  
  28  4:15  Roach Warren  
  26  4:19  Drone x2  
  26  4:20  Drone x5  
  28  4:34  Overlord x2  
  28  4:51  Extractor  
  27  4:55  Roach x4  
  27  4:56  Roach x2  
  39  5:02  Roach  
  41  5:11  Roach x2  
  45  5:26  Roach x3  
  45  5:27  Overlord x2  
  45  5:28  Overlord  
  51  5:29  Overlord  
  51  5:46  Roach x6  
  51  5:47  Roach  
  61  6:17  Roach  
  61  6:18  Roach x4  
  71  6:33  Roach x2  
  71  6:38  Drone x3  
  76  6:41  Extractor  
  75  6:48  Overlord  
  75  6:49  Overlord x2  
  61  7:27  Drone x5  
  61  7:28  Drone x5  
  71  7:45  Lair  
  65  8:01  Drone  
  65  8:02  Drone x5  
  67  8:10  Roach  
  71  8:20  Roach x2  
  73  8:27  Roach x2  
  77  8:38  Evolution Chamber x2  
  75  8:46  Roach x3, Hydralisk Den  
  75  8:47  Roach  
  82  8:56  Extractor  
  82  8:59  Drone x5  
  86  9:05  Zerg Missile Weapons Level 1  
  86  9:06  Zerg Ground Armor Level 1  
  86  9:27  Hydralisk x2  
  86  9:28  Hydralisk x3  
  96  9:48  Hydralisk x2  
  96  9:50  Overlord x3  
  100  9:54  Hatchery  
  100  9:59  Extractor  
  98  10:03  Hydralisk  
  100  10:14  Hydralisk x4  
  100  10:15  Hydralisk  
  110  10:23  Muscular Augments  
  110  10:27  Glial Reconstitution  
  110  10:32  Drone x2  
  110  10:33  Drone  
  113  10:44  Queen  
  115  10:59  Hydralisk x4  
  122  11:04  Extractor  
  119  11:13  Hydralisk  
  119  11:14  Hydralisk x2  
  123  11:35  Spore Crawler  
  123  11:37  Spore Crawler x2  
  120  11:40  Hydralisk x3  
  126  12:02  Spore Crawler  
Show
View Real Time Build Order
Export as new Build Order

zidar Zerg 

Build Orders: Pool First 

Get SALT Encoding   

  12  0:01  Drone  
  13  0:12  Overlord  
  13  0:18  Drone  
  14  0:31  Drone x2  
  14  0:34  Drone  
  17  0:49  Spawning Pool, Drone  
  17  1:11  Hatchery  
  17  1:13  Drone  
  17  1:17  Drone  
  18  1:21  Extractor  
  18  1:22  Drone  
  18  1:35  Queen  
  18  1:38  Overlord  
  20  1:42  Drone  
  21  1:52  Drone  
  22  2:08  Zergling x2  
  23  2:11  Zergling x2  
  23  2:14  Queen  
  26  2:22  Extractor  
  25  2:26  Zergling x4  
  27  2:42  Overlord  
  27  2:43  Overlord  
  27  2:49  Zergling x4  
  27  2:50  Zergling x6  
  32  2:55  Metabolic Boost  
  32  3:04  Roach Warren  
  31  3:17  Drone x2  
  33  3:24  Drone  
  34  3:30  Drone x2  
  36  3:35  Overlord  
  27  3:51  Zergling x12  
  25  4:29  Roach x4  
  25  4:30  Roach  
  34  4:40  Queen  
  36  4:55  Ravager x2  
  36  4:57  Ravager  
  39  5:00  Roach x3  
  45  5:38  Roach x3  
  45  5:41  Overlord x2  
  45  5:42  Overlord x2  
  51  5:48  Lair  
  41  6:35  Roach x6  
  53  6:47  Drone x2  
  44  7:13  Roach  
  44  7:14  Roach x4  
  27  7:38  Roach x4  
  26  8:13  Drone x3  
  29  8:26  Hatchery  
  24  8:43  Spire  
  21  9:04  Extractor  
  21  9:06  Extractor  
  19  9:54  Mutalisk x4  
  19  9:56  Mutalisk  
  29  10:06  Mutalisk  
  31  10:17  Zergling x18  
  40  10:30  Mutalisk  
  42  10:47  Drone  
  39  11:15  Mutalisk  
  39  11:35  Mutalisk  
  39  11:36  Mutalisk  
Tags
 
Add a new tag
Caveats
  • Supply blocks, unpowered buildings, or Contaminate may cause inaccurate times.
  • Supply counts are checked every 10 seconds.